← All builds
Tech / Armada / Economy first / OBSERVED BUILD

Standard tech

Armada Tech (Eco) build order · Supreme Isthmus

Rushes T2 by 4:15, gets Advanced Metal Extractor around 5:28, hands off T2 constructors to Geo and the team, then scales eco and supplies the team's T2 needs through the rest of the game.

Usually first T2 con to Geo (83%)

#eco #t2 #team support · 1574 distinct matches · 255 players · 58% of Armada Tech games · team won 53% of 1868 · Recently observed

HOW TO PLAY IT

Key timing: T2 factory by 4:15

  1. Open 3 mex and heavy wind to fund a fast T2 rush.
  2. Put down Bot Lab, planning to eat it for reclaim soon after.
  3. Get Advanced Bot Lab up, hitting the T2 factory rush timing.
  4. Upgrade mex to Advanced Metal Extractor to lock in team metal income.
  5. Eat Advanced Bot Lab and keep sending cons to Geo and Pond.

Phase by phase

TYPICAL OF ITS 1574 GAMES
  1. 1
  2. 2
  3. 3
  4. 4
PLAY THE OPENING

Follow the example game's first 6:00 step by step: what to build now, what comes next, and where it goes. At 1× it keeps pace with your own game.

  1. 1

    Up to the Bot Lab

    Economy
    • Metal Extractor3Mex
    • Wind Turbine4Wind
    Order
    1. Bot LabBot Lab after 3 mex, 4 winddone ~1:18, middle half 1:13–1:32

    Some games also: energy storage (31%)

    By 1:01 in all: 3 mex · 4 wind

    The example game in this phase · 3 steps
    1. Mex ×3
    2. Wind ×2
    3. Bot LabBot Labdone 1:04 · typical 1:18
  2. 2

    Bot Lab to Advanced Bot Lab

    Economy
    • Metal Extractor1Mex
    • Wind Turbine8Wind
    • Energy Storage1Energy storage
    Order
    1. Advanced Bot LabAdvanced Bot Lab after 4 mex, 12 wind, 3 con turretdone ~4:16, middle half 4:04–4:30
    Builders
    • Construction Turret3 Con turret
    • Lazarus3 Lazarus
    • Construction Bot2 Con bot
    • Construction Bot1 Con bot for allies

    Some games also: converter (36%)

    By 3:18 in all: 4 mex · 12 wind · 1 energy storage · 3 con turret

    The example game in this phase · 28 steps
    1. Wind
    2. LazarusLazarus
    3. Wind ×3
    4. LazarusLazarus
    5. Wind ×2
    6. Construction BotCon bot
    7. Wind
    8. PawnPawnfor Beach sea
    9. Wind
    10. Construction BotCon bot
    11. Wind ×2
    12. Construction BotCon botfor Air
    13. Mex
    14. Energy storage
    15. LazarusLazarus
    16. Wind
    17. LazarusLazarus
    18. Energy storage
    19. Con turret
    20. Wind
    21. LazarusLazarus
    22. Construction BotCon botfor Pond
    23. Wind
    24. Con turret
    25. Converter
    26. Con turret
    27. Converter ×2
    28. Advanced Bot LabAdvanced Bot Labdone 5:02 · typical 4:16
  3. 3

    Advanced Bot Lab to 5:00

    Economy
    • Wind Turbine3Wind
    Order
    1. Bot LabEat Bot Lab
    Builders
    • Advanced Construction Bot1 T2 con bot for allies

    Some games also: converter (35%)

    By 5:00 in all: 4 mex · 15 wind · 1 converter · 1 energy storage · 3 con turret

    The example game in this phase · 3 steps
    1. Converter
    2. Bot LabEat Bot Labreclaimed for its metal
    3. Converter ×3
  4. 4

    5:00 to 10:00

    Economy
    • Wind Turbine43Wind
    • Energy Converter6Converter
    Builders
    • Butler9 Butler
    • Advanced Construction Bot4 T2 con bot for allies
    • Advanced Construction Bot1 T2 con bot

    Some games also: con turret (43%) · Butler for allies (37%)

    By 10:00 in all: 4 mex · 58 wind · 8 converter · 1 energy storage · 3 con turret

    The example game in this phase · 92 steps
    1. Advanced Construction BotT2 con botfor Geo
    2. FatboyFatboyfor Ponddone 6:09
    3. Advanced Metal ExtractorT2 mexdone 5:57 · typical 5:29
    4. Converter
    5. Advanced Construction BotT2 con botfor Air
    6. SharpshooterSniper botfor Ponddone 7:08
    7. Advanced Metal ExtractorT2 mex
    8. ButlerButler
    9. Advanced Metal ExtractorT2 mex
    10. Advanced Construction BotT2 con botfor Geo sea
    11. SprinterSprinter ×3for Geo sea
    12. Advanced Metal ExtractorT2 mex
    13. SprinterSprinter ×4for Geo sea
    14. ButlerButler ×2for Geo sea
    15. Advanced Construction BotT2 con botfor Beach sea
    16. Windfor Geo
    17. Advanced Construction BotT2 con botfor Pond
    18. Wind ×2for Geo
    19. ButlerButler ×2for Beach sea
    20. Windfor Geo
    21. ButlerButler
    22. Wind
    23. Windfor Geo
    24. ButlerButler ×2
    25. Windfor Geo
    26. ButlerButler ×2
    27. Wind
    28. Windfor Geo
    29. ButlerButler
    30. Wind
    31. ButlerButler
    32. Wind ×2
    33. ButlerButler
    34. Windfor Geo
    35. Wind ×2
    36. ButlerButler
    37. Wind ×2
    38. Advanced Construction BotT2 con bot
    39. Con turret
    40. Windfor Geo
    41. Wind ×4
    42. Con turret
    43. Wind ×3
    44. Windfor Geo
    45. Wind
    46. Con turret
    47. Wind ×4
    48. Advanced Construction BotT2 con bot
    49. Wind
    50. Windfor Geo
    51. Con turret
    52. Wind
    53. ArchangelArchangeldone 11:33
    54. Wind
    55. Fusion ReactorFusiondone 14:21
    56. Wind ×3
    57. ArbalestArbalest
    58. Wind
    59. Advanced Construction BotT2 con bot
    60. Wind
    61. Con turret
    62. Wind
    63. Windfor Geo
    64. Wind
    65. Windfor Geo
    66. Wind ×5
    67. Windfor Geo
    68. Wind
    69. Windfor Geo
    70. Wind ×3
    71. Windfor Geo
    72. ButlerButler
    73. Advanced Metal ExtractorT2 mex
    74. Wind ×2
    75. T2 converter
    76. Wind ×3
    77. ButlerButler
    78. Wind ×6
    79. ButlerButler
    80. Wind ×2
    81. ButlerButler
    82. Advanced Metal ExtractorT2 mex
    83. Wind ×6
    84. ButlerButler
    85. Metal storage
    86. ButlerButler
    87. Wind
    88. ButlerButler
    89. Fusion ReactorFusion
    90. Wind
    91. ButlerButler
    92. Con turret

Counts are medians over the build's games: half of them build more, half fewer. The example game is rokbe's (33 OS, 20/08/2026); pick another.

Team trades

IN AT LEAST 30% OF ITS GAMES

You hand over

  • Construction Bot1 Con bot to Airfirst at 2:24 · in 84% of games
  • Advanced Construction Bot5 T2 con bot to Air or Geo sea or Pondfirst at 4:50 · in 99% of games
  • Butler2 Butler to Geo sea or Beach sea or Pondfirst at 9:07 · in 42% of games

You get

  • Hercules1 Light transport from Airfirst at 4:01 · in 86% of games

How it plays out

Typical game of this build, running totals by minute

Metal produced

020k40k
0:005:0010:0015:00

metal

Enemy metal destroyed

050100
0:005:0010:0015:00

metal

Own metal lost

050100150
0:005:0010:0015:00

metal

1868 games.

Show as table
ByMetal produced: This buildEnemy metal destroyed: This buildOwn metal lost: This build
1:0038300
2:0091500
3:00165100
4:00314300
5:00484800
6:00580000
7:00722700
8:00906100
9:001116900
10:001350200
11:001623900
12:001965200
13:002344100
14:0027357074
15:003153885130
WHAT THE NUMBERS SAY

Standard Tech play barely fights at all early, instead pouring metal into T2 infrastructure and constructors for the team.

  • + Metal produced hits 31679 by 15:00, by far the highest of any role here.
  • + T2 factory reached in 97% of games by 4:15, fastest and most reliable T2 timing.
  • − Enemy metal destroyed stays at 0 through 10:00, no early offense at all.
  • − Own metal lost also near 0, showing total avoidance of combat risk.
THE EXAMPLE YOU ARE READING

rokbe

32.6 OS · 20/08/2026

Open source match ↗

4 received units · includes a constructor
3435 metal received · 93556 energy received

Allied construction assistance is unknown. Timings are observations, not a promise of solo reproducibility.

Typical milestones

Bot Lab1:18Middle 50%: 1:13–1:32 · n=1868
Advanced Bot Lab4:16Middle 50%: 4:04–4:30 · n=1861
Advanced Metal Extractor5:29Middle 50%: 5:06–5:59 · n=1864

Played most by

Amrissa93games of this buildTheGeneraI66games of this buildAdeus57games of this buildEl_Turco56games of this buildKOT_43games of this build